 Dungeon Crawl Stone Soup version 0.18-a0-1057-g88203af (webtiles) character file.

613957 vivi the Hoplite (level 27, 224/224 HPs)
             Began as a Formicid Fighter on Jan 11, 2016.
             Was the Champion of the Shining One.
             Drowned
             ... on level 7 of Cocytus on Jan 12, 2016.
             The game lasted 07:20:53 (82616 turns).

vivi the Hoplite (Formicid Fighter)                Turns: 82616, Time: 07:20:53

Health: 224/224    AC: 31    Str: 36    XL:     27
Magic:  32/34      EV:  8    Int: 13    God:    the Shining One [******]
Gold:   5419       SH: 30    Dex: 15    Spells: 0 memorised, 26 levels left

rFire  + + .     SeeInvis +     W - +9 executioner's axe (holy)
rCold  + + .     Gourm    .     S - +8 gold dragon armour
rNeg   + + +     Faith    .     K - +2 large shield
rPois  +         Spirit   +     (helmet unavailable)
rElec  .         Dismiss  .     P - +0 cloak {MR+}
rCorr  .         Reflect  .     M - +2 pair of gloves
SustAt +         Harm     .     U - +1 pair of boots
MR     ++++.                    I - amulet of guardian spirit
Stlth  ..........               O - ring "Tiffoemu" {rF+ rC+ Str+4 Int+3 Dex+3}
                                N - ring of sustain attributes

@: glowing, incredibly resistant to hostile enchantments, extremely unstealthy
A: permanent stasis, dig shafts and tunnels, four strong arms, antennae 3, claws
1, talons 1, thin skeletal structure 1, deformed body, low mp 1, magic
resistance 1, sturdy frame 1
a: Dig, Shaft Self, Divine Shield, Cleansing Flame, Summon Divine Warrior,
Renounce Religion
}: 3/15 runes: decaying, serpentine, silver


You were on level 7 of Cocytus.
You worshipped the Shining One.
The Shining One was exalted by your worship.
You were full.

You visited 13 branches of the dungeon, and saw 57 of its levels.
You visited the Abyss 1 time.
You also visited: Bailey, Ice Cave and Volcano.

You collected 8178 gold pieces.
You spent 2759 gold pieces at shops.

Inventory:

Hand Weapons
 z - the +9 war axe of the Water Diviner {chop, +Blink rF+ MP-9 SInv}
   (You acquired it on level 2 of the Lair of Beasts)

   It inflicts extra damage upon your enemies.
   It protects you from fire.
   It affects your magic capacity (-9).
   It lets you see invisible.
   It lets you blink.
 W - a +9 executioner's axe of holy wrath (weapon)
Armour
 E - the +2 pair of boots of Panentheism {rPois rCorr Str-3}
   (You found it on level 5 of the Vaults)

   It affects your strength (-3).
   It protects you from poison.
   It protects you from acid and corrosion.
 K - a +2 large shield (worn)
 M - a +2 pair of gloves (worn)
 P - a +0 cloak of magic resistance (worn)
 S - a +8 gold dragon armour (worn)
 U - a +1 pair of boots (worn)
Jewellery
 l - a +4 ring of dexterity
 y - a +3 ring of strength
 I - an amulet of guardian spirit (around neck)
 N - a ring of sustain attributes (left hand)
 O - the ring "Tiffoemu" (right hand) {rF+ rC+ Str+4 Int+3 Dex+3}
   (You found it on level 3 of the Elven Halls)

   [ring of protection from cold]

   It affects your strength (+4).
   It affects your intelligence (+3).
   It affects your dexterity (+3).
   It protects you from fire.
   It protects you from cold.
 Z - an uncursed ring of resist corrosion
Wands
 e - a wand of cold (5/15)
 k - a wand of teleportation (6/9)
 n - a wand of confusion (23/48)
 r - a wand of paralysis (6/24)
 t - a wand of magic darts (28/48)
 H - a wand of fireball (8/15)
 X - a wand of heal wounds (5/9)
Scrolls
 a - 4 scrolls of enchant weapon
 b - 6 scrolls of magic mapping
 d - 10 scrolls of identify
 g - 3 scrolls of fog
 h - 4 scrolls of fear
 p - 26 scrolls of remove curse
 x - a scroll of holy word
 A - a scroll of amnesia
 J - a scroll of recharging
 Q - a scroll of enchant armour
Potions
 o - 2 potions of cancellation {unknown}
 B - 3 potions of resistance
 D - 14 potions of curing
 F - 14 potions of flight
 G - 12 potions of heal wounds
 L - 3 potions of might
Books
 c - a book of Frost

   Spells                             Type                      Level
   a - Freeze                         Ice                          1
   b - Throw Frost                    Conjuration/Ice              2
   c - Ozocubu's Armour               Charms/Ice                   3
   d - Throw Icicle                   Conjuration/Ice              4
   e - Summon Ice Beast               Ice/Summoning                4
   f - Condensation Shield            Ice                          4
 u - the Compendium of Gliding Beguiling
   (You found it on level 5 of the Vaults)

   Spells                             Type                      Level
   a - Repel Missiles                 Charms/Air                   2
   b - Inner Flame                    Hexes/Fire                   3
   c - Cause Fear                     Hexes                        4
   d - Yara's Violent Unravelling     Hexes/Transmutation          5
   e - Freezing Cloud                 Conjuration/Ice/Air          6
 v - a Grand Grimoire

   Spells                             Type                      Level
   a - Monstrous Menagerie            Summoning                    7
   b - Summon Greater Demon           Summoning                    7
   c - Malign Gateway                 Summoning/Translocation      7
   d - Summon Horrible Things         Summoning                    8
   The Shining One disapproves of the use of such an item.
 w - a Necronomicon

   Spells                             Type                      Level
   a - Haunt                          Necromancy/Summoning         7
   b - Borgnjor's Revivification      Necromancy                   8
   c - Death's Door                   Charms/Necromancy            8
   d - Necromutation                  Transmutation/Necromancy     8
   The Shining One disapproves of the use of such an item.
 V - a book of the Sky

   Spells                             Type                      Level
   a - Summon Lightning Spire         Summoning/Air                4
   b - Airstrike                      Air                          4
   c - Silence                        Hexes/Air                    5
   d - Deflect Missiles               Charms/Air                   6
   e - Conjure Ball Lightning         Conjuration/Air              6
   f - Tornado                        Air                          9
Miscellaneous
 i - a stone of tremors
 j - a box of beasts {used: 2}
 m - a stone of tremors
 q - a crystal ball of energy
 C - a fan of gales
 R - a disc of storms
 T - a disc of storms
 Y - 4 phantom mirrors
Comestibles
 f - 18 bread rations
 s - 18 meat rations


   Skills:
 + Level 20.1 Fighting
 + Level 23.6 Axes
 + Level 17.3 Armour
 + Level 24.0 Shields
 * Level 21.7 Invocations
 * Level 20.7 Evocations


You had 26 spell levels left.
You didn't know any spells.

Dungeon Overview and Level Annotations

Branches:
Dungeon (15/15)            Temple (1/1) D:7            Lair (8/8) D:8
  Swamp (4/4) Lair:4        Snake (4/4) Lair:3        Slime (0/6) Lair:8
    Orc (2/2) D:12            Elf (3/3) Orc:2        Vaults (5/5) D:13
  Crypt (3/3) Vaults:3       Tomb (1/3) Crypt:3      Depths (5/5) D:15
   Hell (1/1)                 Dis (0/7) Hell            Geh (0/7) Hell
    Coc (6/7) Hell            Tar (0/7) Hell            Zot (0/5) Depths:5

Altars:
Ashenzari
Cheibriados
Dithmenos
Elyvilon
Fedhas
Gozag
Kikubaaqudgha
Makhleb
Nemelex Xobeh
Okawaru
Pakellas
Qazlal
Ru
Sif Muna
Trog
Vehumet
Xom
Yredelemnul
Zin
The Shining One
Beogh

Shops:
D:9 (   D:13 *   D:15 [   Orc:2 (*=[   Elf:1 *}   Elf:3 :   Vaults:4 :

Portals:
Hell: Depths:1 Depths:2 Depths:3 Depths:4 Depths:5
Abyss: Depths:4
Pandemonium: Depths:2 Depths:3 Depths:4
Ziggurat: Depths:5
Trove: Depths:3 (give +4 gold dragon armour)

Annotations:
D:6 Banto's ghost, novice CeWr


Innate Abilities, Weirdness & Mutations

You are under a permanent stasis effect.
You can dig through walls and to a lower floor.
Your four strong arms can wield two-handed weapons with a shield.
You have a pair of large antennae on your head (SInv).
You have sharp fingernails.
You have sharp toenails.
You have a somewhat thin skeletal structure (Dex +2, Stealth).
Armour fits poorly on your strangely shaped body.
Your magical capacity is low (-10% MP).
You are resistant to hostile enchantments.
Your movements are slightly less encumbered by armour (ER -2).


Message History

Careful!
Your magical effects are unravelling.
Magic surges out from your body!
You hit the skeletal warrior but do no damage.
You hit the skeletal warrior.
The skeletal warrior convulses.
The skeletal warrior is lightly damaged.
You slice the skeletal warrior like a ripe choko!!!
The skeletal warrior convulses!!
You destroy the skeletal warrior!
The Shining One accepts your kill.
You feel better.
You feel your power returning.
You hear a shout!
You block the skeletal warrior's attack.
You slash the skeletal warrior!
The skeletal warrior convulses!
The skeletal warrior is moderately damaged.
You slice the skeletal warrior!!
The skeletal warrior convulses!!
The skeletal warrior is almost destroyed.
You float gracefully downwards.
You fall into the water!
You sink like a stone!
You drown...
You die...

≈≈≈≈≈≈≈≈............≈≈≈≈≈#
≈....≈≈.....≈≈≈≈≈≈≈≈≈#
≈.≈≈≈≈≈≈≈..≈≈≈≈≈≈≈≈≈≈#
≈≈≈≈≈≈≈≈≈≈≈≈≈≈≈≈≈≈≈≈
≈≈≈≈≈≈≈≈≈≈≈≈≈≈≈≈≈≈≈≈
≈≈≈≈≈≈≈≈≈≈≈≈≈≈≈≈≈≈≈
≈≈≈≈≈≈≈≈≈≈≈≈≈≈≈≈≈≈≈
≈≈≈≈≈≈≈≈≈≈≈≈≈≈≈≈≈≈≈
≈≈≈≈≈≈≈≈≈≈z@≈≈≈≈≈≈≈
≈≈≈≈≈≈≈.z)≈≈≈≈≈≈≈
≈≈≈≈≈≈...≈≈≈≈≈≈≈
≈≈≈≈≈.....≈≈≈≈≈≈
≈≈≈≈≈≈...≈≈≈≈≈≈≈
≈≈≈≈≈≈...≈≈≈≈≈≈≈
≈≈≈≈≈≈≈.≈≈≈≈≈≈≈≈
≈≈≈≈≈≈.≈≈≈≈≈≈≈≈


You could see 2 skeletal warriors.

Vanquished Creatures
  An ancient lich (Crypt:3)
  The ghost of P0WERM0DE the Slayer, a legendary HOCK of Xom (Vaults:5)
  A juggernaut (Depths:5)
  Mara (Swamp:4)
  2 greater mummies (Tomb:1)
  Margery (Vaults:4)
  Norris (Depths:1)
  Frederick (Crypt:1)
  Geryon (Hell)
  Jory (Vaults:4)
  A golden dragon (Vaults:5)
  Nikola (Snake:2)
  A bone dragon (Coc:7)
  Xtahua (Vaults:4)
  the Enchantress (Depths:2)
  Jorgrun (Vaults:3)
  3 tentacled monstrosities
  4 liches
  The ghost of Arkorax the Corrupter of Planes, an adept DsWn of Lugonu (Snake:4)
  A shard shrike skeleton (Crypt:2)
  5 titans
  3 Ice Fiends (Coc:7)
  3 deep elf blademasters
  A quicksilver dragon (Vaults:5)
  Asterion (Depths:1)
  2 deep elf master archers (Elf:3)
  8 sphinxes
  3 storm dragons (Depths:5)
  2 thorn hunters
  An eldritch tentacle (Crypt:3)
  4 ancient champions
  Gastronok (Lair:2)
  Kirke (Swamp:3)
  6 tengu reavers
  7 shadow dragons
  4 revenants
  Roxanne (Swamp:3)
  12 greater nagas
  7 fire giants
  A draconian knight (Depths:5)
  Maud (Lair:6)
  Donald (Swamp:3)
  6 frost giants
  9 deep elf sorcerers
  A cacodemon (Hell)
  2 orc warlords
  Aizul (Swamp:4)
  10 vault wardens
  An iron dragon (Hell)
  7 deep elf elementalists
  3 ghouls
  16 ironheart preservers
  2 war gargoyles
  6 spriggan defenders
  2 curse skulls (Crypt:3)
  A juggernaut zombie (D:15)
  A draconian annihilator (Depths:5)
  4 reapers
  19 stone giants
  9 very ugly things
  6 salamander stormcallers
  A draconian caller (Depths:5)
  9 vampire knights
  A black draconian (Depths:5)
  An apis (shapeshifter) (Depths:3)
  6 bennus (Tomb:1)
  8 deep elf demonologists
  8 deep elf annihilators
  A mottled draconian (Depths:5)
  2 red draconians
  A spark wasp (Depths:3)
  12 eidola
  2 green deaths (Swamp:4)
  Snorg (D:11)
  A yellow draconian (Depths:5)
  11 ettins
  27 vault guards
  7 deep elf death magi
  7 fire dragons
  7 mummy priests
  6 blizzard demons
  14 jiangshi
  7 deep elf high priests
  A quicksilver dragon zombie (Crypt:3)
  5 great orbs of eyes
  12 yaktaur captains
  Erolcha (D:13)
  12 ice dragons
  5 rakshasas
  2 hell beasts (Hell)
  9 entropy weavers
  17 naga warriors
  9 spriggan air magi
  A ghost crab (Swamp:2)
  14 hydras
  8 alligators
  A catoblepas (Lair:8)
  11 centaur warriors
  17 anacondas
  18 ogre magi
  3 death knights
  10 deep troll shamans
  7 tengu warriors
  4 deep troll earth magi
  34 dancing weapons
  6 vampire magi
  13 spriggan berserkers
  14 death yaks
  11 hell hogs (Hell)
  5 shock serpents
  2 iron golems (Hell)
  A thrashing horror (Swamp:4)
  2 storm dragon zombies (Crypt:3)
  2 orc high priests
  Sonja (D:15)
  16 naga sharpshooters
  Nergalle (Orc:2)
  5 sun demons (Hell)
  17 deep elf knights
  8 iron trolls
  A fire crab (Vaults:4)
  33 skeletal warriors
  A titan skeleton (Coc:7)
  9 soul eaters
  2 shadow wraiths (Hell)
  4 salamander mystics
  An anaconda zombie (Hell)
  19 deep trolls
  19 hell knights
  A storm dragon skeleton (Coc:7)
  14 naga ritualists
  2 unseen horrors
  5 death scarabs (Tomb:1)
  A sea snake (shapeshifter) (Depths:5)
  5 wizards
  8 flayed ghosts
  A ghost moth zombie (Crypt:3)
  9 sea snakes
  9 swamp dragons
  2 anaconda skeletons (Hell)
  4 giant orange brains
  A putrid demonspawn (Depths:3)
  3 shambling mangroves
  16 deep elf archers
  12 ironbrand convokers
  A shadow dragon zombie (Crypt:3)
  12 orc knights
  8 hill giants
  6 anubis guards (Tomb:1)
  2 orange crystal statues
  50 deep elf magi
  9 harpies
  2 golden dragon skeletons
  4 wolf spider zombies
  An iron dragon zombie (Depths:3)
  Pikel (D:8)
  19 necromancers
  4 orc sorcerers
  17 phantasmal warriors
  31 ugly things
  A manticore (D:11)
  A cyclops (shapeshifter) (Elf:1)
  11 cyclopes
  16 mana vipers
  6 hornets
  7 wolf spiders
  5 oklob plants (Lair:8)
  11 salamanders
  5 griffons
  A sixfirhy (Depths:4)
  2 fire giant zombies
  4 shadow dragon skeletons
  13 elephants
  2 ice statues (Hell)
  5 rust devils
  2 molten gargoyles (Volcano)
  An iron dragon skeleton (Crypt:3)
  A black mamba (shapeshifter) (Depths:1)
  58 black mambas
  12 guardian serpents
  3 dire elephant zombies (Crypt:3)
  11 vault sentinels
  3 smoke demons
  An eye of devastation (shapeshifter) (Vaults:4)
  2 frost giant skeletons
  An emperor scorpion zombie (Crypt:3)
  14 naga magi
  2 dire elephant skeletons
  4 torpor snails (Lair:2)
  6 orange demons
  2 hellions (Hell)
  20 spiny frogs
  49 yaktaurs
  A fire drake (Lair:7)
  2 gargoyles (D:14)
  4 ice devils
  11 komodo dragons
  2 kobold demonologists (Vaults:3)
  A tormentor (Depths:3)
  A mottled draconian zombie (Crypt:1)
  A komodo dragon (shapeshifter) (Vaults:3)
  A black draconian skeleton (Crypt:2)
  5 red devils
  A yaktaur (shapeshifter) (Elf:1)
  10 spriggan druids
  A catoblepas skeleton (Crypt:3)
  3 tengu conjurers
  13 hellwings (Crypt:3)
  14 freezing wraiths
  4 harpy zombies
  A queen bee (shapeshifter) (Elf:2)
  2 hydra zombies
  2 merfolk (shapeshifter)
  A queen bee (Lair:6)
  15 guardian mummies
  32 polar bears
  8 trolls
  12 jumping spiders
  14 bog bodies
  7 giant leeches
  A wind drake (shapeshifter) (Vaults:4)
  Grinder (D:4)
  Prince Ribbit (D:9)
  28 two-headed ogres
  27 blink frogs
  2 frost giant simulacra
  5 boulder beetles
  41 slime creatures
  3 alligator zombies
  A hornet zombie (D:15)
  2 ushabtiu (Tomb:1)
  A fire dragon zombie (Crypt:1)
  A spriggan zombie (D:15)
  An ice dragon zombie (D:15)
  8 flying skulls
  3 hydra skeletons
  A black mamba zombie (Crypt:3)
  16 air elementals
  An ettin skeleton (Coc:7)
  27 redbacks
  A satyr skeleton (Crypt:1)
  A tarantella (Vaults:3)
  An alligator skeleton (Crypt:3)
  56 spriggans
  6 water elementals
  7 wraiths
  A fire bat (Volcano)
  8 shadows
  73 yaks
  A hog (Swamp:3)
  A human (D:9)
  7 wyverns
  5 fire elementals
  A black mamba skeleton (Crypt:2)
  A neqoxec (Depths:3)
  4 basilisks
  2 large abominations (Swamp:4)
  A small abomination (Swamp:4)
  A steam dragon (D:13)
  A hippogriff (shapeshifter) (Vaults:3)
  10 hippogriffs
  2 hungry ghosts
  3 wargs
  47 vampire mosquitoes
  41 wolves
  22 swamp worms
  8 insubstantial wisps
  A water nymph zombie (Crypt:2)
  72 nagas
  22 water moccasins
  A deep troll skeleton (Crypt:2)
  A soldier ant (D:13)
  13 porcupines
  A faun skeleton (Crypt:2)
  10 hell hounds
  11 ice beasts
  8 swamp drakes
  A merfolk skeleton (Crypt:3)
  An eye of draining (D:12)
  8 black bears
  A phantom (D:6)
  A swamp dragon zombie (Crypt:3)
  2 spiny frog skeletons
  50 orc warriors
  An alligator simulacrum (Hell)
  5 sky beasts
  A slave (D:8)
  A manticore skeleton (Crypt:3)
  33 wasps
  9 necrophages
  61 ogres
  A lindwurm zombie (Crypt:1)
  17 boggarts (Depths:2)
  36 centaurs
  22 crocodiles
  An octopode zombie (Crypt:1)
  A big kobold (D:12)
  Blork the orc (D:5)
  A big kobold (shapeshifter) (D:14)
  11 giant frogs
  3 earth elementals
  2 wyvern zombies
  A glowing shapeshifter simulacrum (Vaults:4)
  6 wyvern skeletons
  6 scorpions
  A water moccasin zombie (D:10)
  A raiju zombie (Crypt:2)
  A troll zombie (Crypt:1)
  50 killer bees
  A killer bee (shapeshifter) (Vaults:3)
  14 wights
  3 electric eels
  A wolf zombie (Crypt:1)
  6 crimson imps
  9 jellies
  2 giant frog zombies
  A human zombie (Crypt:3)
  A basilisk zombie (Crypt:1)
  8 centaur skeletons
  2 hounds
  24 orc priests
  A black bear zombie (Crypt:1)
  5 centaur zombies
  4 giant frog skeletons
  36 orc wizards
  4 iron imps (Hell)
  Crazy Yiuf (D:6)
  A gnoll shaman (D:5)
  A human skeleton (Crypt:3)
  14 hell rats
  9 iguanas
  9 worker ants
  10 sheep
  A killer bee zombie (D:11)
  4 hound skeletons
  21 mummies
  2 worker ant zombies
  21 gnolls
  13 adders
  64 river rats
  6 shadow imps
  2 white imps
  An ooze (D:3)
  An adder zombie (D:5)
  A lava snake skeleton (Crypt:2)
  2 worms
  6 giant geckos
  159 orcs
  2 ball pythons
  7 bats
  6 bat skeletons (Depths:2)
  4 giant cockroaches
  13 goblins
  11 hobgoblins
  14 jackals
  6 kobolds
  6 quokkas
  A giant cockroach zombie (D:6)
  5 giant newts
  A kobold zombie (Crypt:2)
  A quokka zombie (D:5)
  16 rats
  A rat zombie (Crypt:1)
  4 briar patches (Swamp:2)
  A bush (D:10)
  A fire vortex (Hell)
  5 fungi (Lair:8)
  5 plants
  8 withered plants
3001 creatures vanquished.

Vanquished Creatures (collateral kills)
  Mennas (Depths:3)
  A fire giant (Depths:3)
  A very ugly thing (Depths:3)
3 creatures vanquished.

Vanquished Creatures (others)
  A fire giant (Depths:3)
  A deep elf elementalist (Elf:3)
  A fire dragon (Depths:3)
  2 deep elf high priests
  A rakshasa (Depths:3)
  A spriggan (Depths:2)
  A yak (Lair:7)
  2 humans (Swamp:3)
  2 vampire mosquitoes (Vaults:3)
  A swamp drake (Swamp:2)
  2 ogres
  A crocodile (shapeshifter) (Vaults:5)
  A jelly (D:8)
  2 bushes
  16 eldritch tentacle segments (Crypt:3)
  31 fungi
  8 lost souls
  16 plants
  13 withered plants (Crypt:3)
103 creatures vanquished.

Grand Total: 3107 creatures vanquished

Notes
Turn   | Place    | Note
--------------------------------------------------------------
     0 | D:1      | vivi the Formicid Fighter began the quest for the Orb.
     0 | D:1      | Reached XP level 1. HP: 18/18 MP: 1/1
   175 | D:1      | Reached XP level 2. HP: 24/24 MP: 2/2
   561 | D:2      | Reached XP level 3. HP: 30/30 MP: 3/3
   565 | D:2      | Reached skill level 4 in Shields
  1174 | D:2      | Reached XP level 4. HP: 30/37 MP: 4/4
  1689 | D:3      | Reached XP level 5. HP: 30/43 MP: 5/5
  2564 | D:3      | Found a burning altar of Makhleb.
  2663 | D:4      | Reached skill level 5 in Shields
  2664 | D:4      | Noticed an ogre
  2683 | D:4      | Killed an ogre
  2683 | D:4      | Reached XP level 6. HP: 10/50 MP: 6/6
  2872 | D:4      | Noticed an ogre
  2937 | D:4      | Killed an ogre
  2937 | D:4      | Reached skill level 5 in Fighting
  2956 | D:4      | Reached XP level 7. HP: 50/56 MP: 7/7
  2969 | D:4      | Reached skill level 5 in Armour
  3064 | D:4      | Noticed Grinder
  3082 | D:4      | Killed Grinder
  3082 | D:4      | Reached skill level 6 in Shields
  3082 | D:4      | Reached skill level 1 in Evocations
  3350 | D:5      | Entered Level 5 of the Dungeon
  3402 | D:5      | Reached XP level 8. HP: 48/63 MP: 9/9
  3740 | D:5      | Found a glowing golden altar of the Shining One.
  3751 | D:5      | Became a worshipper of the Shining One
  3920 | D:5      | Noticed Blork the orc
  3941 | D:5      | Killed Blork the orc
  4277 | D:5      | Found a stormy altar of Qazlal.
  4484 | D:5      | Reached skill level 7 in Shields
  4524 | D:5      | Reached XP level 9. HP: 66/69 MP: 11/11
  4625 | D:5      | Reached skill level 5 in Axes
  5033 | D:6      | Found a basalt altar of Yredelemnul.
  5035 | D:6      | Noticed Banto's ghost (novice CeWr)
  5035 | D:6      | Reached * piety under the Shining One
  5910 | D:6      | Noticed Crazy Yiuf
  5916 | D:6      | Killed Crazy Yiuf
  6491 | D:7      | Found a staircase to the Ecumenical Temple.
  6845 | Temple   | Entered the Ecumenical Temple
  7046 | D:8      | Reached skill level 8 in Shields
  7063 | D:8      | Reached skill level 5 in Evocations
  7098 | D:8      | Reached skill level 1 in Invocations
  7297 | D:8      | Reached ** piety under the Shining One
  7329 | D:8      | Reached XP level 10. HP: 76/79 MP: 13/13
  7576 | D:8      | Gained mutation: You are robust (+10% HP). [mutagenic meat]
  7924 | D:8      | Noticed an elephant
  7942 | D:8      | Killed an elephant
  7942 | D:8      | Reached skill level 9 in Shields
  8084 | D:8      | Found a staircase to the Lair.
  8555 | D:8      | Noticed Pikel
  8572 | D:8      | Killed Pikel
  8579 | D:8      | Gained mutation: Your spells are a little harder to cast, but a little more powerful. [potion of beneficial mutation]
  8967 | D:9      | Noticed Prince Ribbit
  8971 | D:9      | Killed Prince Ribbit
  8971 | D:9      | Reached XP level 11. HP: 90/93 MP: 15/15
  9071 | D:9      | Reached skill level 10 in Shields
  9086 | D:9      | Reached skill level 5 in Invocations
  9142 | D:9      | Found Jiluq's Weapon Emporium.
  9685 | D:10     | Entered Level 10 of the Dungeon
  9728 | D:10     | Reached *** piety under the Shining One
  9949 | D:10     | Found a blossoming altar of Fedhas.
 10256 | D:11     | Noticed a manticore
 10269 | D:11     | Killed a manticore
 10623 | D:11     | Reached **** piety under the Shining One
 10683 | D:11     | Noticed Snorg
 10744 | D:11     | Killed Snorg
 11111 | D:11     | Reached skill level 11 in Shields
 11111 | D:11     | Reached XP level 12. HP: 96/103 MP: 15/17
 11737 | D:12     | Found a staircase to the Orcish Mines.
 12067 | D:12     | HP: 4/103 [slime creature (12)]
 12675 | D:12     | Reached ***** piety under the Shining One
 13291 | Lair:1   | Entered Level 1 of the Lair of Beasts
 13328 | Lair:1   | Gained mutation: You are weak. (Str -2) [potion of mutation]
 13328 | Lair:1   | Lost mutation: You are robust (+10% HP). [potion of mutation]
 13328 | Lair:1   | Gained mutation: Your flesh is cold resistant. [potion of mutation]
 13329 | Lair:1   | Gained mutation: You have sharp toenails. [potion of mutation]
 13329 | Lair:1   | Gained mutation: You are very weak. (Str -4) [potion of mutation]
 13343 | Lair:1   | Noticed a five-headed hydra
 13351 | Lair:1   | Killed a one-headed hydra
 13700 | Lair:1   | Reached skill level 10 in Armour
 14014 | Lair:1   | Reached XP level 13. HP: 71/101 MP: 11/19
 14474 | Lair:2   | Found a frozen archway.
 14534 | IceCv    | Entered an ice cave
 14606 | IceCv    | Reached skill level 12 in Shields
 14933 | IceCv    | Reached skill level 10 in Fighting
 14942 | IceCv    | Reached skill level 10 in Axes
 15395 | IceCv    | Noticed a frost giant
 15416 | IceCv    | Killed a frost giant
 15772 | Lair:2   | Noticed Gastronok
 15794 | Lair:2   | Killed Gastronok
 16287 | Lair:2   | Reached XP level 14. HP: 107/111 MP: 21/21
 16307 | Lair:2   | Found a snail-covered altar of Cheibriados.
 16521 | Lair:2   | Identified a scroll of acquirement
 16525 | Lair:2   | Got a dazzling war axe
 16526 | Lair:2   | Identified the +9 war axe of the Water Diviner {chop, +Blink rF+ MP-9 SInv} (You acquired it on level 2 of the Lair of Beasts)
 16673 | Lair:3   | Found a staircase to the Snake Pit.
 16965 | Lair:3   | Reached skill level 13 in Shields
 17722 | Lair:4   | Reached skill level 10 in Evocations
 18459 | Lair:4   | Found a staircase to the Swamp.
 18873 | Lair:5   | Reached skill level 10 in Invocations
 20724 | Lair:6   | Noticed Maud
 20760 | Lair:6   | Killed Maud
 21651 | Lair:6   | Reached XP level 15. HP: 100/119 MP: 11/23
 21957 | Lair:7   | Reached ****** piety under the Shining One
 22235 | Lair:7   | Reached skill level 14 in Shields
 22335 | Lair:7   | Got a scorched ivory amulet
 23369 | Lair:8   | Entered Level 8 of the Lair of Beasts
 23466 | Lair:8   | Gained mutation: You possess an exceptional clarity of mind. [potion of mutation]
 23466 | Lair:8   | Lost mutation: Your spells are a little harder to cast, but a little more powerful. [potion of mutation]
 23835 | Lair:8   | Identified the amulet "Yblaurel" {MPRegen Str+3} (You found it on level 7 of the Lair of Beasts)
 24805 | Lair:8   | Reached XP level 16. HP: 112/127 MP: 12/24
 25007 | Lair:8   | Found a staircase to the Slime Pits.
 25747 | Orc:1    | Entered Level 1 of the Orcish Mines
 25855 | Orc:1    | Found a dark tunnel.
 25864 | Volcano  | Entered a volcano
 26070 | Volcano  | Found a radiant altar of Vehumet.
 26593 | Orc:2    | Entered Level 2 of the Orcish Mines
 27021 | Orc:2    | Noticed Nergalle
 27034 | Orc:2    | Killed Nergalle
 27228 | Orc:2    | Found a roughly hewn altar of Beogh.
 27506 | Orc:2    | Found Bahoaly's Antique Weapon Shoppe.
 27526 | Orc:2    | Found Voih Fite's General Store.
 27605 | Orc:2    | Bought a potion of lignification for 42 gold pieces
 27773 | Orc:2    | Found a staircase to the Elven Halls.
 27836 | Orc:2    | Found Byegg's Jewellery Shoppe.
 27851 | Orc:2    | Found Requbilo's Antique Armour Shoppe.
 27858 | Orc:2    | Bought a pair of glowing gloves for 126 gold pieces
 27858 | Orc:2    | Bought a glowing cloak for 126 gold pieces
 28050 | Elf:1    | Entered Level 1 of the Elven Halls
 28173 | Elf:1    | Found a radiant altar of Vehumet.
 28182 | Elf:1    | Cast into level 3 of the Abyss (halberd of distortion)
 28231 | Elf:1    | Escaped the Abyss
 28600 | Elf:1    | Noticed a deep elf sorcerer
 28610 | Elf:1    | Reached skill level 15 in Shields
 28634 | Elf:1    | HP: 6/129 [deep elf knight/stone arrow (30)]
 29323 | D:13     | Found a gate to the Vaults.
 29459 | D:13     | Noticed Erolcha
 29466 | D:13     | Killed Erolcha
 29576 | D:13     | Found Jutteot's Assorted Antiques.
 29584 | D:13     | Bought 2 potions of heal wounds for 390 gold pieces
 30537 | D:14     | Found a flagged portal.
 30542 | Bailey   | Entered a bailey
 31536 | D:15     | Entered Level 15 of the Dungeon
 31837 | D:15     | Found a sparkling altar of Nemelex Xobeh.
 31939 | D:15     | Found a staircase to the Depths.
 31948 | D:15     | Reached XP level 17. HP: 135/135 MP: 15/26
 32625 | D:15     | Found Muzer's Armour Shop.
 32659 | D:15     | Noticed Sonja
 32663 | D:15     | Killed Sonja
 32807 | Depths:1 | Entered Level 1 of the Depths
 32871 | Depths:1 | Found a gateway to Hell.
 32888 | Depths:1 | Gained mutation: Your flesh is heat resistant. [mutagenic meat]
 32889 | Depths:1 | Gained mutation: You are resistant to hostile enchantments. [mutagenic meat]
 32890 | Depths:1 | Lost mutation: You are very weak. (Str -4) [mutagenic meat]
 33273 | Snake:1  | Entered Level 1 of the Snake Pit
 35595 | Snake:2  | Noticed Nikola
 35619 | Snake:2  | Killed Nikola
 35828 | Snake:2  | Reached XP level 18. HP: 144/144 MP: 18/27
 36011 | Snake:2  | Reached skill level 16 in Shields
 36994 | Snake:3  | Reached skill level 15 in Axes
 37762 | Snake:4  | Entered Level 4 of the Snake Pit
 37762 | Snake:4  | Found Saptigyu's Food Boutique.
 37859 | Snake:4  | Bought a bread ration for 70 gold pieces
 37859 | Snake:4  | Bought a meat ration for 70 gold pieces
 37859 | Snake:4  | Bought a bread ration for 70 gold pieces
 37859 | Snake:4  | Bought a bread ration for 70 gold pieces
 37859 | Snake:4  | Bought a meat ration for 70 gold pieces
 37859 | Snake:4  | Bought a bread ration for 70 gold pieces
 37859 | Snake:4  | Bought a beef jerky for 21 gold pieces
 38670 | Snake:4  | HP: 7/146 [greater naga (4)]
 38671 | Snake:4  | Reached XP level 19. HP: 7/152 MP: 0/29
 39686 | Snake:4  | Reached skill level 17 in Shields
 40542 | Snake:4  | Got a serpentine rune of Zot
 41333 | Snake:4  | Noticed Arkorax's ghost (adept DsWn)
 41366 | Snake:4  | Killed Arkorax's ghost
 42012 | Swamp:1  | Entered Level 1 of the Swamp
 42403 | Swamp:1  | Reached XP level 20. HP: 160/160 MP: 30/30
 43607 | Swamp:3  | Noticed Kirke
 43618 | Swamp:3  | Killed Kirke
 43946 | Swamp:3  | Noticed Roxanne
 43971 | Swamp:3  | Killed Roxanne
 44030 | Swamp:3  | Noticed Donald
 44044 | Swamp:3  | Killed Donald
 44301 | Swamp:4  | Entered Level 4 of the Swamp
 44311 | Swamp:4  | Noticed Aizul
 44329 | Swamp:4  | Killed Aizul
 44778 | Swamp:4  | Reached skill level 15 in Invocations
 44788 | Swamp:4  | Reached skill level 15 in Evocations
 45274 | Swamp:4  | Reached skill level 15 in Fighting
 45279 | Swamp:4  | Reached skill level 18 in Shields
 45417 | Swamp:4  | Noticed a tentacled monstrosity
 45434 | Swamp:4  | Killed a tentacled monstrosity
 45503 | Swamp:4  | Got a decaying rune of Zot
 45942 | Swamp:4  | Noticed Mara
 45962 | Swamp:4  | Killed Mara
 46715 | Depths:1 | Reached XP level 21. HP: 163/168 MP: 21/32
 46759 | Depths:1 | Noticed Norris
 46761 | Depths:1 | Noticed Asterion
 46790 | Depths:1 | Killed Norris
 46806 | Depths:1 | Killed Asterion
 47917 | Depths:2 | Found a bloodstained altar of Trog.
 48826 | Depths:2 | Found a one-way gate leading to the halls of Pandemonium.
 49022 | Depths:2 | Noticed the Enchantress
 49069 | Depths:2 | Killed the Enchantress
 49076 | Depths:2 | Got a faerie dragon armour
 49755 | Depths:2 | Identified the +5 faerie dragon armour {rF+} (You took it off the Enchantress on level 2 of the Depths)
 50268 | Depths:2 | Reached skill level 19 in Shields
 50469 | Depths:2 | Reached XP level 22. HP: 165/176 MP: 22/34
 50682 | Depths:3 | Noticed Mennas
 50695 | Depths:3 | Killed Mennas
 51437 | Depths:3 | Noticed an iron giant
 52228 | Vaults:1 | Entered Level 1 of the Vaults
 52235 | Vaults:1 | Reached skill level 15 in Armour
 52362 | Vaults:1 | Got a translucent arbalest
 53611 | Vaults:2 | Reached XP level 23. HP: 151/184 MP: 26/35
 54678 | Vaults:3 | Reached skill level 20 in Shields
 54829 | Vaults:3 | Noticed Jorgrun
 54840 | Vaults:3 | Killed Jorgrun
 55526 | Vaults:3 | Found a staircase to the Crypt.
 55764 | Vaults:4 | Noticed Jory
 55786 | Vaults:4 | Killed Jory
 55852 | Vaults:4 | Found Zeim's Book Shoppe.
 55871 | Vaults:4 | Noticed Margery
 55883 | Vaults:4 | Killed Margery
 55883 | Vaults:4 | Reached XP level 24. HP: 182/193 MP: 20/35
 56154 | Vaults:4 | Noticed Xtahua
 56168 | Vaults:4 | Killed Xtahua
 57244 | Elf:1    | Found Reiraciosch's Assorted Antiques.
 57260 | Elf:1    | Bought a scroll of identify for 58 gold pieces
 57281 | Elf:1    | Found Tuiqu's Gadget Shoppe.
 57287 | Elf:1    | Bought a wand of heal wounds (5/9) for 756 gold pieces
 58503 | Elf:2    | Found a runed gate.
 58503 | Elf:2    | Found a runed gate.
 58503 | Elf:2    | Found a runed gate.
 59296 | Lair:1   | Identified the +5 arbalest of the Seven Dances {velocity, *Corrode rPois SInv} (You found it on level 1 of the Vaults)
 59561 | Elf:3    | Entered Level 3 of the Elven Halls
 59574 | Elf:3    | Found Dainuq's Book Emporium.
 60458 | Elf:3    | Reached XP level 25. HP: 134/201 MP: 26/36
 60838 | Elf:3    | Got a shimmering bone ring
 60839 | Elf:3    | Got a fine halberd {freeze}
 60961 | Elf:3    | Reached skill level 21 in Shields
 60967 | Elf:3    | Identified the Tome of Frigorific Self-Knowledge (You found it on level 3 of the Elven Halls)
 61013 | Elf:3    | Got a wavering lapis lazuli ring
 61029 | Elf:3    | Got a glittering granite ring
 61056 | Elf:3    | Got a scintillating bone ring
 61107 | Elf:3    | Identified the ring "Ynuel" {+/*Tele rC- Str+7 Dex+3} (You found it on level 3 of the Elven Halls)
 61109 | Elf:3    | Identified the ring of the Four Souls {rF+ Int+2} (You took it off a deep elf death mage on level 3 of the Elven Halls)
 61110 | Elf:3    | Identified the ring "Tiffoemu" {rF+ rC+ Str+4 Int+3 Dex+3} (You found it on level 3 of the Elven Halls)
 61111 | Elf:3    | Identified the ring "Deutosug" {Fire MR+ Int+2} (You found it on level 3 of the Elven Halls)
 61129 | Elf:3    | Identified the cursed +2 halberd "Alod" {freeze, Dex+5} (You took it off a deep elf death mage on level 3 of the Elven Halls)
 61266 | Orc:2    | Bought a +3 amulet of reflection for 375 gold pieces
 61266 | Orc:2    | Bought an uncursed ring of positive energy for 300 gold pieces
 61567 | Lair:1   | Identified a +8 executioner's axe of holy wrath (a +6 executioner's axe of flaming blessed by the Shining One)
 61567 | Lair:1   | Received a gift from the Shining One
 61791 | Crypt:1  | Entered Level 1 of the Crypt
 61807 | Crypt:1  | Noticed Frederick
 61815 | Crypt:1  | Killed Frederick
 62549 | Crypt:2  | Upgraded the game from 0.18-a0-1044-g2bb894f to 0.18-a0-1057-g88203af
 63243 | Crypt:3  | Entered Level 3 of the Crypt
 63628 | Crypt:3  | Found an ancient bone altar of Kikubaaqudgha.
 63920 | Crypt:3  | Found a staircase to the Tomb.
 64057 | Crypt:3  | Reached XP level 26. HP: 211/211 MP: 35/36
 64604 | Crypt:3  | Noticed an ancient lich
 64618 | Crypt:3  | Killed an ancient lich
 64686 | Crypt:3  | Got a scintillating lapis lazuli ring
 65272 | Crypt:3  | Got a coiled bone ring
 65275 | Crypt:3  | Identified the ring of the Open Hand {MP+9 Str+2} (You found it on level 3 of the Crypt)
 65276 | Crypt:3  | Identified the ring "Torghami" {Fire +Fly Str+6 Int-5} (You found it on level 3 of the Crypt)
 65752 | Lair:1   | Identified a -2 rod of shadows (14/14) (You found it on level 3 of the Crypt)
 65753 | Lair:1   | Identified a +9 rod of destruction (14/14) (You found it on level 3 of the Crypt)
 65755 | Lair:1   | Identified a +4 rod of ignition (9/9) (You took it off a deep elf death mage on level 3 of the Elven Halls)
 66544 | Tomb:1   | Entered Level 1 of the Tomb of the Ancients
 67231 | Tomb:1   | Noticed a greater mummy
 67273 | Tomb:1   | Killed a greater mummy
 67508 | Tomb:1   | Noticed a greater mummy
 67523 | Tomb:1   | Killed a greater mummy
 69320 | Depths:3 | Gained mutation: You are frail (-10% HP). [a neqoxec]
 69362 | Depths:3 | Reached skill level 22 in Shields
 69428 | Depths:3 | Found a portal to a secret trove of treasure.
 69515 | Depths:3 | Reached XP level 27. HP: 197/197 MP: 27/36
 70625 | Depths:4 | Found a runed door.
 70839 | Depths:4 | Found a one-way gate to the infinite horrors of the Abyss.
 71588 | Depths:4 | Got an ancient pewter ring
 71660 | Depths:4 | Identified the ring of Gaukuz {rN+ AC+5} (You found it on level 4 of the Depths)
 72511 | Elf:1    | Bought 2 potions of mutation for 145 gold pieces
 72746 | Lair:1   | Gained mutation: You occasionally shout uncontrollably at your foes. [potion of mutation]
 72747 | Lair:1   | Gained mutation: Your movements are slightly less encumbered by armour (ER -2). [potion of mutation]
 72748 | Lair:1   | Lost mutation: You possess an exceptional clarity of mind. [potion of mutation]
 72748 | Lair:1   | Gained mutation: You have sharp fingernails. [potion of mutation]
 72748 | Lair:1   | Lost mutation: You occasionally shout uncontrollably at your foes. [potion of mutation]
 72749 | Lair:1   | Lost mutation: You are frail (-10% HP). [potion of mutation]
 72750 | Lair:1   | Lost mutation: You are weak. (Str -2) [potion of mutation]
 72750 | Lair:1   | Lost mutation: Your flesh is heat resistant. [potion of mutation]
 73317 | Depths:5 | Entered Level 5 of the Depths
 73618 | Depths:5 | Found a gateway to a ziggurat.
 74098 | Depths:5 | Noticed a juggernaut
 74152 | Depths:5 | Killed a juggernaut
 74845 | Depths:5 | Found a gate to the Realm of Zot.
 76384 | Vaults:5 | Entered Level 5 of the Vaults
 76384 | Vaults:5 | Noticed P0WERM0DE's ghost (legendary HOCK)
 76701 | Vaults:5 | Killed P0WERM0DE's ghost
 76701 | Vaults:5 | Reached skill level 23 in Shields
 78957 | Vaults:5 | Got a silver rune of Zot
 79275 | Vaults:5 | Identified the Compendium of Gliding Beguiling
 79336 | Vaults:5 | Got an ichor-stained broad axe {chop}
 79337 | Vaults:5 | Identified the cursed +3 broad axe "Geffaant" {chop, rC++ Dex-5} (You took it off an ironheart preserver on level 5 of the Vaults)
 79370 | Vaults:5 | Got a pair of crude boots
 79381 | Vaults:5 | Identified the +2 pair of boots of Panentheism {rPois rCorr Str-3} (You found it on level 5 of the Vaults)
 81268 | Hell     | Entered the Vestibule of Hell
 81268 | Hell     | Noticed Geryon
 81301 | Hell     | Lost mutation: Your flesh is cold resistant. [a cacodemon]
 81312 | Hell     | Gained mutation: Your magical capacity is low (-10% MP). [a cacodemon]
 81313 | Hell     | Gained mutation: Armour fits poorly on your strangely shaped body. [a cacodemon]
 81340 | Hell     | Killed Geryon
 81728 | Hell     | Found a gateway to the ashen valley of Gehenna.
 81813 | Hell     | Found a gateway to the Iron City of Dis.
 82129 | Hell     | Found a gateway to the decaying netherworld of Tartarus.
 82227 | Hell     | Found a gateway to the freezing wastes of Cocytus.
 82294 | Coc:1    | Entered Level 1 of Cocytus
 82298 | Coc:1    | You fall through a shaft!
 82301 | Coc:2    | You fall through a shaft!
 82304 | Coc:3    | You fall through a shaft for 3 floors!
 82307 | Coc:6    | You fall through a shaft!
 82307 | Coc:7    | Entered Level 7 of Cocytus
 82314 | Coc:7    | Gained mutation: You have a somewhat thin skeletal structure (Dex +2, Stealth). [potion of mutation]
 82575 | Coc:7    | Reached skill level 24 in Shields
 82616 | Coc:7    | Drowned

Vault maps used:
D:1:      ncdulo_watergridlock
D:3:      lemuel_coloured_pillars_altar
D:4:      uniq_grinder
D:5:      lemuel_doored_altar, basic_altar, first_bread, grunt_ministairs_4,
          uniq_blork_the_orc
D:6:      serial_aquarium, aquarium_bridge_long_joined,
          aquarium_bridge_island_large, aquarium_window_corridor_3,
          aquarium_window_2, aquarium_window_fake, aquarium_view_2d,
          aquarium_pool_corner, basic_altar, uniq_crazy_yiuf_cottage
D:7:      temple_pool_b
D:8:      david_lair_generic, uniq_pikel
D:9:      serial_shops, shop, grunt_livestock, uniq_prince_ribbit1
D:10:     fedhas_altar_decomposition
D:11:     special_room, uniq_snorg
D:12:     erik_orc_3, nrook_loot_triangle
D:13:     david_vaults_2, serial_shops, nicolae_shop_crystal, uniq_erolcha
D:14:     statuecave_lemuel, enter_bailey_1, bh_chokoban
D:15:     gammafunk_depths_entry_grave, serial_shops, shop,
          hangedman_decor_lopped, minmay_fountain_box,
          nemelex_diamond_rough_becter, uniq_sonja
Temple:   kilobyte_greek_temple_18
Lair:2:   portal_ice_cave_entry_ice_beasts, kennysheep_snail_temple,
          uniq_gastronok
Lair:3:   dummy_snake_entry, roderic_lost_polar_bear
Lair:4:   kennysheep_abandoned_house, minmay_swamp_entry_swarm,
          serial_bayou_shore_b
Lair:6:   beast_lair_carwin_large_1, special_room, uniq_maud
Lair:7:   pond
Lair:8:   minmay_lair_end_enchanted_forest, minmay_slime_entry_oklob_enclosed
Swamp:1:  nicolae_swamp_orc_logging_accident
Swamp:2:  hangedman_swamp_blocks, swamp_pool5
Swamp:3:  hangedman_swamp_pad, swamp_pool4, nicolae_swamp_very_dense_foliage,
          uniq_kirke, uniq_roxanne, uniq_donald
Swamp:4:  swamp_vile, uniq_aizul, uniq_mara
Snake:1:  lemuel_fruit_tree
Snake:2:  nicolae_sea_snake_s, grunt_megastairs_3, uniq_nikola
Snake:4:  johnstein_snake_rune_scales, serial_shops,
          nicolae_shop_scaring_up_business, grunt_ministairs_7,
          serial_bayou_pond_a
Orc:1:    serial_shops, enter_volcano_1
Orc:2:    grunt_orc_cross
Elf:1:    eino_elf_arrival_altar, serial_shops, shop, shop
Elf:2:    serial_glass, glass_columns_a, glass_columns_a
Elf:3:    elf_hall, serial_shops, shop
Vaults:1: hangedman_vaults_maws, v_alt_pattern_1, v_misc_32, v_alt_pattern_2,
          vaults_dpeg_ring, nicolae_vaults_angled_halls, vaults_mumra_hex,
          nicolae_vaults_yaktaur_gun_rack
Vaults:2: st_spiral_rooms, v_misc_28, grunt_vaults_trifunnel,
          ontoclasm_vaults_shuriken, nicolae_vaults_angled_halls, v_misc_12,
          v_alt_pattern_1, v_misc_28, vaults_room_pool, vaults_room_ringed_pool
Vaults:3: v_misc_23, hangedman_vaults_locks, v_pattern_4, vaults_room_door_ring,
          v_misc_1, minmay_crypt_entry_simple_statues, hangedman_vaults_trim,
          v_misc_27, v_misc_30, vaults_dpeg_diagonal, st_lattice,
          vaults_mumra_chevron_long, nicolae_vaults_little_squares_6,
          nicolae_vaults_little_ls, nicolae_vaults_ring_of_whatevers,
          uniq_jorgrun
Vaults:4: serial_ice_h, vaults_room_fancy_cross, ontoclasm_vaults_misaligned,
          nicolae_vaults_little_squares_1, vaults_room_semicircle, serial_shops,
          nicolae_shop_crystal, uniq_margery, uniq_jory, uniq_xtahua
Crypt:1:  nicolae_crypt_cryptocurrency, small_statue_intersection,
          grunt_ministairs_3, grunt_crypt_arrival_split, uniq_frederick
Crypt:3:  evilmike_haunted_forest
Depths:1: serial_sigils_hangedman_leer, hell_entry,
          minmay_guarded_unrand_curses, infiniplex_staircase_pool_lava,
          uniq_asterion, uniq_norris
Depths:2: spriggan_forest, pan_entry, hell_entry
Depths:3: minmay_concentric_multi, rand_demon_pan_entry_7,
          nicolae_trove_entry_crossroad, grunt_hell_entry_dis_old,
          minmay_misc_feat_ornament, infiniplex_staircase_zigzag_5, uniq_mennas
Depths:4: mludivico_vault, abyss_entry, rand_demon_pan_entry_4, hell_entry
Depths:5: grunt_zot_entry_bicorn, enter_ziggurat_c, nrook_mini_vaults,
          hell_entry, minivault_16
Coc:7:    coc_dpeg
Abyss:3:  hangedman_elemental_corridor, grunt_abyss_rune_wretched_hive
Bailey:   bailey_polearm_1, bailey
IceCv:    ice_cave_caverns_03
Volcano:  volcano_lake

Action                   |  1- 3 |  4- 6 |  7- 9 | 10-12 | 13-15 | 16-18 | 19-21 | 22-24 | 25-27 || total
-------------------------+-------+-------+-------+-------+-------+-------+-------+-------+-------++-------
Melee: War axe           |    91 |   120 |   302 |   890 |  1422 |  1424 |  1680 |  1251 |  1493 ||  8673
       Executioner's axe |       |       |       |       |       |       |       |   148 |   952 ||  1100
Invok: Divine Shield     |       |       |       |       |       |     2 |     2 |       |     4 ||     8
       Cleansing Flame   |       |       |       |       |       |       |       |    10 |    13 ||    23
       Brand Weapon With |       |       |       |       |       |       |       |       |     1 ||     1
 Abil: Dig               |     1 |     2 |     5 |     7 |    16 |    32 |     2 |     7 |    12 ||    84
       Shaft Self        |       |       |       |       |       |       |       |       |     4 ||     4
Evoke: Wand              |       |       |       |       |     2 |     5 |    11 |       |     3 ||    21
       Box of beasts     |       |       |       |       |       |       |       |     2 |       ||     2
       Stone of tremors  |       |       |       |       |       |       |       |       |     1 ||     1
  Use: Scroll            |       |     3 |     6 |    15 |     7 |    13 |     5 |     8 |    18 ||    75
       Potion            |       |       |     1 |     7 |     6 |     6 |     3 |       |    11 ||    34
 Stab: Distracted        |       |       |       |     1 |       |     1 |       |       |     1 ||     3
  Eat: Chunk             |       |     1 |     8 |    21 |    19 |    17 |     2 |       |       ||    68
       Beef jerky        |       |     1 |       |     3 |     1 |     1 |     6 |     9 |     4 ||    25
       Bread ration      |       |     1 |       |       |       |     1 |     4 |     5 |    12 ||    23
       Fruit             |       |       |     6 |       |     6 |    11 |    13 |       |    11 ||    47
       Royal jelly       |       |       |     1 |       |       |    11 |       |       |       ||    12
       Pizza             |       |       |       |     3 |     9 |     1 |     1 |     1 |     3 ||    18
       Meat ration       |       |       |       |       |       |       |       |       |     1 ||     1
